 Dungeon Crawl Stone Soup version 0.26-a0-30-g56b8cd3df0 (webtiles) character file.

Game seed: 12278938274164317171, levelgen mode: deterministic

57169 vurker the Eclecticist (level 14, 0/84 HPs)
             Began as a Deep Elf Conjurer on May 30, 2020.
             Was a High Priest of Vehumet.
             Slain by a troll (14 damage)
             ... on level 12 of the Dungeon.
             The game lasted 00:46:56 (23302 turns).

vurker the Eclecticist (Deep Elf Conjurer)         Turns: 23302, Time: 00:46:57

Health: 0/84       AC: 10    Str: 11    XL:     14   Next: 44%
Magic:  3/38       EV: 21    Int: 26    God:    Vehumet [*****.]
Gold:   87         SH:  7    Dex: 23    Spells: 25/49 levels left

rFire    + + .     SeeInvis .   T - +10 short sword "Baecroups" {elec, rF+ Dex+4}
rCold    + + .     Gourm    .   S - +1 buckler {rPois}
rNeg     . . .     Faith    .   L - +1 robe {rC+}
rPois    +         Spirit   .   h - +2 helmet
rElec    .         Reflect  .   a - +0 cloak "Vess" {rPois rF+ Regen+ Dex+4}
rCorr    .         Harm     .   s - +2 pair of gloves
MR       +....                  (no boots)
Stlth    +++.......             (no amulet)
HPRegen  0.64/turn              w - ring of protection from cold
MPRegen  0.26/turn              z - +6 ring of strength

@: slowed, very slow
A: no striking features
a: Renounce Religion


You were on level 12 of the Dungeon.
You worshipped Vehumet.
Vehumet was extremely pleased with you.
You were not hungry.

You visited 2 branches of the dungeon, and saw 18 of its levels.
You visited 1 bazaar.

You collected 1371 gold pieces.
You spent 1284 gold pieces at shops.

Inventory:

Hand Weapons
 T - the +10 short sword "Baecroups" (weapon) {elec, rF+ Dex+4}
   (You bought it in a shop in a bazaar)

   Occasionally, upon striking a foe, it will discharge some electrical energy
   and cause terrible harm.
   It affects your dexterity (+4).
   It protects you from fire.
Armour
 a - the +0 cloak "Vess" (worn) {rPois rF+ Regen+ Dex+4}
   (You bought it in a shop on level 6 of the Dungeon)

   It affects your dexterity (+4).
   It protects you from fire.
   It protects you from poison.
   It increases your rate of regeneration.
 h - a +2 helmet (worn)
   (You took it off Robin on level 3 of the Dungeon)
 s - a +2 pair of gloves (worn)
   (You found it on level 5 of the Dungeon)
 L - a +1 robe of cold resistance (worn)
   (You bought it in a shop on level 6 of the Dungeon)
 R - a +0 helmet of see invisible
   (You bought it in a shop in a bazaar)
 S - a +1 buckler of poison resistance (worn)
   (You bought it in a shop in a bazaar)
Magical Staves
 H - an uncursed staff of air
   (You found it on level 1 of the Lair of Beasts)
Jewellery
 b - an uncursed ring of ice
   (You found it on level 1 of the Dungeon)
 c - an uncursed ring of fire
   (You found it on level 2 of the Dungeon)
 w - a ring of protection from cold (left hand)
   (You found it on level 7 of the Dungeon)
 z - a +6 ring of strength (right hand)
   (You found it on level 8 of the Dungeon)
 E - an uncursed ring of resist corrosion
   (You found it on level 6 of the Lair of Beasts)
Wands
 d - a wand of iceblast (12)
   (You found it on level 6 of the Lair of Beasts)
 q - a wand of enslavement (34)
   (You found it on level 7 of the Dungeon)
 t - a wand of flame (10)
   (You took it off a centaur on level 7 of the Dungeon)
 u - a wand of paralysis (10)
   (You found it on level 6 of the Lair of Beasts)
 v - a wand of digging (9)
   (You found it on level 11 of the Dungeon)
 G - a wand of clouds (2)
   (You found it on level 1 of the Lair of Beasts)
Scrolls
 f - 9 scrolls of remove curse
 g - a scroll of enchant weapon {unknown}
 i - 6 scrolls of teleportation
 o - a scroll of fear
 p - 2 scrolls of blinking
 y - 2 scrolls of immolation
 C - a scroll of magic mapping
 I - a scroll of fog
 J - a scroll of summoning {unknown}
 P - 2 scrolls of vulnerability {unknown}
Potions
 j - 4 potions of curing
 k - 4 potions of heal wounds
 l - 2 potions of lignification
 m - 3 potions of invisibility
 n - 3 potions of flight
 r - 6 potions of brilliance
 x - a potion of haste
 A - a potion of resistance
 D - 2 potions of ambrosia
 F - a potion of mutation
 K - a potion of magic
 M - a potion of cancellation
Comestibles
 e - 37 rations
 B - 5 chunks of flesh


   Skills:
 + Level 8.9 Fighting
 + Level 9.9 Dodging
 - Level 2.4 Stealth
 - Level 4.0 Shields
 * Level 18.2 Spellcasting
 + Level 14.0 Conjurations
 - Level 10.3 Earth Magic


You had 25 spell levels left.
You knew the following spells:

 Your Spells              Type           Power        Failure   Level  Hunger
a - Magic Dart            Conj           ####         0%          1    None
b - Searing Ray           Conj           ######       0%          2    None
c - Iskenderun's Mystic   Conj/Tloc      ######..     1%          4    None
d - Fireball              Conj/Fire      ######....   1%          5    None
e - Orb of Destruction    Conj           #######...   1%          7    #####..
z - Lee's Rapid Deconstr  Erth           ######....   1%          5    None

Your spell library contained the following spells:

 Spells                   Type           Power        Failure   Level  Hunger
 Animate Skeleton         Necr           N/A          1%          1    None
 Apportation              Tloc           ###...       1%          1    None
 Beastly Appendage        Tmut           ###...       1%          1    None
 Corona                   Hex            ###....      1%          1    None
 Summon Butterflies       Summ           ###.....     1%          1    None
 Summon Small Mammal      Summ           ###.         1%          1    None
 Dazzling Flash           Conj/Hex       ######       1%          3    None
 Inner Flame              Hex/Fire       ###.....     1%          3    None
 Fulminant Prism          Conj/Hex       ######....   1%          4    None
 Leda's Liquefaction      Hex/Erth       ######....   2%          4    None
 Petrify                  Tmut/Erth      ######..     2%          4    None
 Slow                     Hex            ###.....     3%          2    None
 Sticks to Snakes         Tmut           ###.....     3%          2    None
 Call Canine Familiar     Summ           ###.....     6%          3    None
 Confusing Touch          Hex            ###.....     6%          3    None
 Gell's Gravitas          Tloc           ###.......   6%          3    None
 Portal Projectile        Hex/Tloc       ###...       6%          3    None
 Spider Form              Tmut/Pois      ###.......   6%          3    None
 Yara's Violent Unravell  Hex/Tmut       ###.......   16%         5    None
 Cause Fear               Hex            ###.......   21%         4    None
 Ice Form                 Ice/Tmut       ###.....     21%         4    None
 Summon Ice Beast         Ice/Summ       ###.....     21%         4    None
 Blade Hands              Tmut           ###.......   50%         5    None
 Metabolic Englaciation   Hex/Ice        ###.......   50%         5    None
 Summon Mana Viper        Hex/Summ       ###.....     50%         5    None
 Summon Hydra             Summ           ###.......   100%        7    #####..


Dungeon Overview and Level Annotations

Branches:
Dungeon (12/15)            Temple (0/1) D:5            Lair (6/6) D:11
  Swamp (0/4) Lair:2        Snake (0/4) Lair:3        Slime (0/5) Lair:6
    Orc (0/2) D:12

Altars:
Ashenzari
Dithmenos
Elyvilon
Fedhas
Gozag
Hepliaklqana
Kikubaaqudgha
Makhleb
Nemelex Xobeh
Okawaru
Qazlal
Sif Muna
Trog
Uskayaw
Vehumet
Zin

Shops:
D:4 }   D:6 [   D:9 !   D:11 !

Annotations:
Lair:3 exclusion: 2 oklob plants
Lair:5 exclusion: oklob plant


Message History

Aim: a great orb of eyes (almost dead)
The searing ray misses the great orb of eyes. (Press . to maintain the ray.)
The great orb of eyes closely misses you.
The searing ray hits the great orb of eyes!
You kill the great orb of eyes!
Vehumet accepts your kill.
Some of the chunks of flesh in your inventory have rotted away.
A wraith is nearby!
Aim: a wraith The magic dart hits the wraith.
A shadow comes into view.
The wraith hits you but does no damage.
Aim: a wraith (lightly damaged)
The magic dart hits the wraith.
You block the wraith's attack.
A troll comes into view.
You don't have enough magic to cast that spell.
You hit the wraith. The wraith closely misses you.
You hit the wraith. You block the wraith's attack.
You don't have enough magic to cast that spell.
You hit the wraith but do no damage. The wraith hits you!
The wraith drains your vigour!
You feel yourself slow down.
You puncture the wraith! Lightning courses through the wraith!
You block the wraith's attack. The wraith hits you but does no damage.
You puncture the wraith!
You destroy the wraith!
Vehumet accepts your kill.
You feel your power returning. The troll bites you.
The troll closely misses you. x2
The shadow slips into darkness.
The shadow flickers and vanishes!
Deactivating autopickup; reactivate with Ctrl-A.
A metal wall.
The metal wall shatters!
The blast of metal fragments hits something!
The blast of metal fragments hits the troll!!
You hear a bellow! x5
The troll bites you! You block the troll's attack. x2
You hit the troll. The troll bites you! The troll claws you.
The troll closely misses you.
The shadow strikes at you from the darkness!
The troll closely misses you. The troll claws you.
The troll claws you but does no damage.
The shadow strikes at you from the darkness!
* * * LOW HITPOINT WARNING * * *
Reactivating autopickup.
You hear a bellow!
The troll bites you!
You die...

,,*,,,**,***,##..#......#*
,*,*,,*,**,**,#..#.#...##
,*,*,,*,*,,,*,#..#.#...#
,*,*,,*,**,,*,#..###...####
,,*,,,**,***,##.........).#*
***,,,,**,,*##..###........#
,****,,,***,#.†#W..........#
*,,***,,,,**,,#T#######....#
***,**,*,,,,**##@......#..##
,,*,*,**,,,*,**########...#
**,**,**,***,*,,,,,,,,,*,.#
*,*,,**,,*,,,,**********,,*
*,*****,*,,,,*,,,,,,,,**,,*
**,,**,,,,,,,,********,,,,*
****,,,,,,,,,,,,,,,,,,,,,,*
**
,,***,,,,,,,,,,,,,***,,,,,*
*,
,,,,,,,,****,,,,,,,,,,,,,,*
*,


You could see a troll.

Vanquished Creatures
  Rupert (Lair:6)
  Snorg (Lair:3)
  A great orb of eyes (D:12)
  Harold (Lair:2)
  5 hydras
  A centaur warrior (D:12)
  A two-headed ogre (D:12)
  An ugly thing (D:12)
  2 black mambas
  26 elephants
  11 spiny frogs
  3 rime drakes
  A centaur skeleton (D:12)
  5 komodo dragons
  5 polar bears
  A troll (D:11)
  4 hornets (Lair:6)
  5 blink frogs (Lair:3)
  7 hippogriffs
  2 bog bodies (Lair:2)
  6 dream sheep (Lair:6)
  A vampire (D:10)
  14 spriggans (Lair:6)
  5 humans (D:10)
  5 wyverns
  63 yaks
  3 wraiths (D:12)
  2 basilisks
  Grum (D:10)
  2 hungry ghosts (D:12)
  6 nagas (Lair:3)
  10 water moccasins
  An acid dragon (D:11)
  12 porcupines
  6 orc warriors
  An ice beast (D:8)
  8 black bears
  A sky beast (D:11)
  7 ogres
  2 phantoms
  25 wolves
  4 boggarts (Lair:6)
  6 centaurs
  12 crocodiles
  3 big kobolds
  12 bullfrogs
  2 wyvern zombies
  A wyvern skeleton (D:6)
  2 scorpions
  5 killer bees (D:8)
  3 howler monkeys
  12 wights
  9 electric eels
  A centaur zombie (D:8)
  A bullfrog zombie (D:10)
  10 jellies
  A crimson imp (D:10)
  3 hounds
  2 bullfrog skeletons
  5 orc priests
  5 iguanas
  16 orc wizards
  16 worker ants
  5 hell rats (Lair:2)
  A hound zombie (D:10)
  2 hound skeletons
  Robin (D:3)
  11 adders
  2 shadow imps
  19 oozes
  3 adder skeletons
  3 worms
  2 dart slugs
  6 leopard geckos
  48 orcs
  2 ball pythons
  3 bats
  7 giant cockroaches
  8 hobgoblins
  28 jackals
  6 quokkas
  7 frilled lizards
  A giant cockroach zombie (D:5)
  18 goblins
  A jackal skeleton (D:5)
  23 kobolds
  A leopard gecko skeleton (D:7)
  2 quokka skeletons
  6 rats
  5 fungi
  7 plants
624 creatures vanquished.

Vanquished Creatures (others)
  2 fungi
  5 plants
7 creatures vanquished.

Grand Total: 631 creatures vanquished

Notes
Turn   | Place    | Note
-------+----------+-------------------------------------------
     0 | D:1      | vurker the Deep Elf Conjurer began the quest for the Orb.
     0 | D:1      | Reached XP level 1. HP: 10/10 MP: 6/6
    87 | D:1      | Reached XP level 2. HP: 14/15 MP: 0/8
   876 | D:1      | Reached XP level 3. HP: 20/20 MP: 8/10
  1227 | D:2      | Reached skill level 4 in Spellcasting
  1365 | D:2      | Found a shattered altar of Ashenzari.
  1376 | D:2      | Found a radiant altar of Vehumet.
  1379 | D:2      | Found a shimmering blue altar of Sif Muna.
  1383 | D:2      | Found a white marble altar of Elyvilon.
  1409 | D:2      | Became a worshipper of Vehumet
  1453 | D:2      | Reached skill level 1 in Fighting
  1563 | D:2      | Reached skill level 5 in Conjurations
  1832 | D:2      | Found an iron altar of Okawaru.
  1833 | D:2      | Reached XP level 4. HP: 25/25 MP: 10/12
  2696 | D:3      | Learned a level 2 spell: Searing Ray
  2701 | D:3      | Learned a level 4 spell: Iskenderun's Mystic Blast
  2877 | D:3      | Reached skill level 5 in Spellcasting
  2878 | D:3      | Noticed Robin
  2890 | D:3      | Reached XP level 5. HP: 28/29 MP: 6/14
  3080 | D:3      | Killed Robin
  3161 | D:3      | Reached * piety under Vehumet
  3161 | D:3      | Offered knowledge of Foxfire by Vehumet.
  3921 | D:3      | Found a blossoming altar of Fedhas.
  3924 | D:3      | Found an ancient bone altar of Kikubaaqudgha.
  4180 | D:4      | Reached XP level 6. HP: 25/35 MP: 10/16
  4185 | D:4      | Reached skill level 6 in Spellcasting
  4581 | D:4      | Found a hazy altar of Hepliaklqana.
  4621 | D:4      | Found the +8 demon blade "Leech" {vamp, *Rage +Rage rN+}
  5156 | D:4      | Found Pyawagga's Gadget Shop.
  5202 | D:5      | Entered Level 5 of the Dungeon
  5224 | D:5      | Reached XP level 7. HP: 40/40 MP: 15/19
  5305 | D:5      | Reached skill level 7 in Spellcasting
  5576 | D:5      | Reached ** piety under Vehumet
  5576 | D:5      | Offered knowledge of Sandblast by Vehumet.
  5834 | D:5      | Found a staircase to the Ecumenical Temple.
  6031 | D:5      | Found a stormy altar of Qazlal.
  6344 | D:5      | Found a sparkling altar of Nemelex Xobeh.
  6656 | D:6      | Offered knowledge of Mephitic Cloud by Vehumet.
  6656 | D:6      | Reached skill level 8 in Spellcasting
  6799 | D:6      | Found a shadowy altar of Dithmenos.
  6857 | D:6      | Found Iliutief's Antique Armour Shoppe.
  6860 | D:6      | Bought a slimy cloak for 218 gold pieces
  6860 | D:6      | Bought a glowing robe for 85 gold pieces
  6865 | D:6      | Identified the +0 cloak "Vess" {rPois rF+ Regen+ Dex+4}
                  | (You bought it in a shop on level 6 of the Dungeon)
  6931 | D:6      | Reached XP level 8. HP: 44/46 MP: 15/22
  7577 | D:7      | Reached *** piety under Vehumet
  7577 | D:7      | Reached skill level 9 in Spellcasting
  7919 | D:7      | Reached skill level 10 in Spellcasting
  7980 | D:7      | Reached XP level 9. HP: 52/52 MP: 19/25
  8064 | D:7      | Offered knowledge of Airstrike by Vehumet.
  8099 | D:7      | Found a glowing silver altar of Zin.
  8689 | D:8      | Reached skill level 10 in Conjurations
  8723 | D:8      | Reached skill level 11 in Spellcasting
  8888 | D:8      | Noticed a wolf spider
  8890 | D:8      | Noticed a manticore
  9008 | D:8      | Reached **** piety under Vehumet
  9145 | D:8      | Offered knowledge of Sticky Flame by Vehumet.
  9261 | D:8      | Reached skill level 5 in Fighting
  9460 | D:8      | Found an opulent altar of Gozag.
  9673 | D:9      | Reached skill level 12 in Spellcasting
  9673 | D:9      | Reached XP level 10. HP: 59/59 MP: 22/28
  9706 | D:9      | Found a bloodstained altar of Trog.
  9725 | D:9      | Got a tattered robe
  9739 | D:9      | Identified the cursed +1 robe "Lyobe" {Harm Dex+8} (You
                  | found it on level 9 of the Dungeon)
  9775 | D:9      | Found a burning altar of Makhleb.
  9781 | D:9      | Got an ancient whip
  9897 | D:9      | Noticed a six-headed hydra
  9904 | D:9      | Killed a six-headed hydra
 10166 | D:9      | Reached ***** piety under Vehumet
 10497 | D:9      | Offered knowledge of Lee's Rapid Deconstruction by Vehumet.
 10497 | D:9      | Reached skill level 13 in Spellcasting
 10504 | D:9      | Learned a level 5 spell: Lee's Rapid Deconstruction
 10588 | D:9      | Found Qeunen's Distillery.
 10591 | D:9      | Bought a potion of heal wounds for 65 gold pieces
 10791 | D:10     | Entered Level 10 of the Dungeon
 10843 | D:10     | Reached skill level 1 in Earth Magic
 11184 | D:10     | Identified the +5 whip of the Sky {vorpal, rN++ MP+9 Str-4
                  | Stlth+} (You found it on level 9 of the Dungeon)
 11228 | D:10     | Noticed Grum
 11245 | D:10     | Killed Grum
 11397 | D:10     | Reached XP level 11. HP: 60/64 MP: 18/30
 12673 | D:11     | Reached skill level 14 in Spellcasting
 12691 | D:11     | Reached skill level 5 in Earth Magic
 12828 | D:11     | Found a staircase to the Lair.
 12927 | D:11     | Reached skill level 5 in Dodging
 13233 | D:11     | Found Vaal Sas's Distillery.
 13640 | Lair:1   | Entered Level 1 of the Lair of Beasts
 14829 | Lair:2   | You fall into a shaft and drop 2 floors!
 14854 | Lair:4   | Offered knowledge of Orb of Destruction by Vehumet.
 14866 | Lair:4   | Learned a level 7 spell: Orb of Destruction
 14958 | Lair:3   | Reached XP level 12. HP: 54/71 MP: 18/32
 14966 | Lair:3   | Reached skill level 15 in Spellcasting
 15182 | Lair:3   | Noticed Snorg
 15192 | Lair:3   | Killed Snorg
 15937 | Lair:2   | Noticed Harold
 15959 | Lair:2   | Killed Harold
 16084 | Lair:2   | Found a staircase to the Swamp.
 16736 | Lair:3   | Found a staircase to the Snake Pit.
 17093 | Lair:3   | Found a bloodstained altar of Trog.
 17673 | Lair:4   | Noticed a seven-headed hydra
 17679 | Lair:4   | Killed a seven-headed hydra
 17679 | Lair:4   | Reached skill level 16 in Spellcasting
 17990 | Lair:4   | Reached XP level 13. HP: 46/78 MP: 3/35
 18351 | Lair:4   | Found a shimmering blue altar of Sif Muna.
 19073 | Lair:5   | Found a hide-covered altar of Uskayaw.
 19077 | Lair:5   | Got a faintly humming ring mail
 19081 | Lair:5   | Got a jewelled scale mail
 19891 | Lair:5   | Offered knowledge of Fireball by Vehumet.
 20122 | Lair:5   | Learned a level 5 spell: Fireball
 20123 | Lair:6   | Entered Level 6 of the Lair of Beasts
 20136 | Lair:6   | Reached skill level 10 in Earth Magic
 20361 | Lair:6   | Reached skill level 17 in Spellcasting
 20766 | Lair:5   | Identified the +3 ring mail "Fonyetz" {rF+ SInv} (You found
                  | it on level 5 of the Lair of Beasts)
 20776 | Lair:5   | Identified the +3 scale mail of Noon {Int+5 SInv} (You
                  | found it on level 5 of the Lair of Beasts)
 20965 | Lair:6   | Found the +9 staff of Wucad Mu {channel}
 20965 | Lair:6   | Got a jacinth-encrusted ring mail
 20982 | Lair:6   | Reached skill level 1 in Shields
 21309 | Lair:6   | Noticed Rupert
 21445 | Lair:6   | Found a staircase to the Slime Pits.
 21476 | Lair:6   | Killed Rupert
 21476 | Lair:6   | Reached XP level 14. HP: 84/84 MP: 33/37
 22763 | D:12     | Reached skill level 18 in Spellcasting
 22816 | D:12     | Found a flickering gateway to a bazaar.
 22834 | Bazaar   | Entered a bazaar
 22870 | Bazaar   | Found Sura Zoa's Armour Emporium.
 22871 | Bazaar   | Found Rock's Assorted Antiques.
 22890 | Bazaar   | Found Suufaasch's Weapon Boutique.
 22890 | Bazaar   | Found Vinaib's Gadget Shop.
 22907 | Bazaar   | Found Futwoego's Armour Emporium.
 22912 | Bazaar   | Bought a +0 helmet of see invisible for 207 gold pieces
 22912 | Bazaar   | Bought a +1 buckler of poison resistance for 243 gold
                  | pieces
 22931 | Bazaar   | Bought 2 scrolls of teleportation for 174 gold pieces
 22931 | Bazaar   | Bought a bloodstained short sword for 232 gold pieces
 22931 | Bazaar   | Identified the +10 short sword "Baecroups" {elec, rF+
                  | Dex+4} (You bought it in a shop in a bazaar)
 22971 | Bazaar   | Found Zadac's General Store.
 22976 | Bazaar   | Bought 2 scrolls of identify for 60 gold pieces
 23302 | D:12     | Slain by a troll

Illustrated notes

Levels and vault maps discovered:
D:1:      heliophobic_arrival_enchanted_forest, layout_loops_ring,
          minmay_pentomino_z4
D:2:      layout_basic, grunt_temple_overflow_open, first_ration,
          kennysheep_okawaru_gauntlet
D:3:      layout_loops_ring, grunt_temple_overflow_growth_and_decay,
          serial_glass, glass_columns_a, glass_columns_b, glass_columns_a,
          glass_columns_b, glass_columns_a, glass_columns_a, glass_columns_a,
          glass_columns_a, glass_columns_b, glass_columns_c, glass_columns_a,
          glass_columns_a, glass_columns_b, glass_columns_a, uniq_robin
D:4:      layout_loops_ring, overflow_temple_1_default, serial_shops, shop
D:5:      layout_gridville, kennysheep_mini_moat,
          minmay_temple_entry_butterflies, nemelex_diamond_rough_becter
D:6:      layout_loops_corners, nicolae_dithmenos_shadow_blocks, serial_shops,
          shop, minmay_misc_feat_five
D:7:      layout_basic, zin_treasury
D:8:      layout_rooms, nicolae_gozag_cash_rules_everything_around_me,
          hangedman_little_slice_of_home, nrook_campfire,
          onia_ninara_dug_in_and_dangerous
D:9:      layout_loops_corners, trog_ov_bears_minmay, serial_shops,
          kennysheep_mini, bloody_makhleb
D:10:     layout_roguey, serial_bayou, serial_bayou_lagoon_a,
          serial_bayou_lake_a, serial_bayou_shore_a, serial_bayou_ford_a,
          minmay_misc_feat_encased, minmay_ruffians, uniq_grum
D:11:     layout_cave_pools, minmay_lair_entry_grove, serial_shops, shop,
          serial_bayou, serial_bayou_pond_e, serial_bayou_pond_b,
          serial_bayou_pond_d, serial_bayou_pond_a
D:12:     minmay_the_grid_octo_tiled_octocenter_mashed
          [minmay_the_grid_octo_pinwheel, minmay_the_grid_octo_toaster,
          minmay_the_grid_octo_fan_narrow, minmay_the_grid_octo_checkered,
          minmay_the_grid_octo_prize_single_spiral,
          minmay_the_grid_square_5x5_spiral, minmay_the_grid_square_5x5_inner_z,
          minmay_the_grid_square_5x5_sharp_hourglass,
          minmay_the_grid_square_5x5_six_small], layout_loops_ring,
          serial_shops, bzr_entry_customers, uniq_nessos, uniq_kirke
Lair:1:   layout_cave_pods, serial_forest, infiniplex_forest_clump_small,
          infiniplex_forest_end_1, infiniplex_forest_lined_room_2,
          infiniplex_forest_clump_long, infiniplex_forest_clump_C,
          infiniplex_forest_lined_corner, infiniplex_forest_end_3,
          grunt_megastairs_2, infiniplex_staircase_pool_2
Lair:2:   layout_chaotic_city, skrybe_swamp_entry_bodies,
          infiniplex_staircase_pool, serial_bayou_shore_b, lemuel_fruit_fields,
          uniq_harold
Lair:3:   statuecave_lemuel, layout_gridlike,
          minmay_snake_entry_guardpost_medium, basic_altar, special_room,
          grunt_megastairs_3, uniq_snorg
Lair:4:   layout_cave_pods, basic_altar, grunt_megastairs_5
Lair:5:   lemuel_slime, layout_misc_corridors, nicolae_volcano_entry_two_sided,
          basic_altar
Lair:6:   minmay_lair_end_enchanted_forest, layout_regular_city, slime_dummy,
          uniq_rupert

Skill      XL: |  1  2  3  4  5  6  7  8  9 10 11 12 13 14 |
---------------+-------------------------------------------+-----
Spellcasting   | 4 5 6 8 10 12 13 14 16 17 18 | 18.2
Fighting       | 1 2 3 4 5 6 7 8 |  8.9
Conjurations   | 5 6 7 9 10 11 12 13 14 | 14.0
Dodging        | 3 6 7 9 |  9.9
Earth Magic    | 3 6 9 10 | 10.3
Shields        | 2 4 |  4.0
Stealth        | |  2.4

Action                   |  1- 3 |  4- 6 |  7- 9 | 10-12 | 13-15 || total
-------------------------+-------+-------+-------+-------+-------++-------
Melee: Unarmed           |     6 |       |       |       |       ||     6
       Dagger            |     8 |       |     4 |     2 |       ||    14
       Whip              |       |       |       |    14 |    25 ||    39
       Short sword       |       |       |       |       |    31 ||    31
 Cast: Magic Dart        |    96 |   133 |   220 |   236 |   117 ||   802
       Searing Ray       |       |    14 |    68 |   124 |   124 ||   330
       Iskenderun's Myst |       |       |     3 |   128 |   116 ||   247
       Lee's Rapid Decon |       |       |       |     6 |    32 ||    38
Evoke: Wand              |       |       |       |     8 |     5 ||    13
  Use: Scroll            |       |     3 |    11 |    11 |     8 ||    33
       Potion            |       |       |       |       |     1 ||     1
  Eat: Chunk             |     3 |     9 |    14 |    21 |    17 ||    64
       Ration            |       |       |       |     1 |       ||     1
Armor: Robe              |     3 |     4 |     8 |    38 |    51 ||   104
Dodge: Dodged            |    14 |    18 |    38 |   114 |   180 ||   364
Block: Buckler           |       |       |       |       |    28 ||    28

Table legend:
 A = Non-vault XP
 B = Vault XP
 C = Vault XP percentage of total XP
 D = Non-vault monster count
 E = Vault monster count
 F = Vault count percentage of total count
                 A         B        C        D         E       F
            +---------+---------+-------+---------+---------+-------
      Total |   56126 |   25544 |  31.3 |     462 |     150 |  24.5
            +---------+---------+-------+---------+---------+-------
        D:1 |      40 |       4 |   9.1 |      25 |       3 |  10.7
        D:2 |      89 |       4 |   4.3 |      22 |       2 |   8.3
        D:3 |      92 |      35 |  27.6 |      21 |      11 |  34.4
        D:4 |     374 |       0 |   0.0 |      28 |       0 |   0.0
        D:5 |     539 |       0 |   0.0 |      24 |       0 |   0.0
        D:6 |     684 |       0 |   0.0 |      24 |       0 |   0.0
        D:7 |    1356 |       0 |   0.0 |      28 |       0 |   0.0
        D:8 |    2041 |     168 |   7.6 |      41 |       8 |  16.3
        D:9 |    2947 |     252 |   7.9 |      24 |       2 |   7.7
       D:10 |    3680 |    1400 |  27.6 |      46 |       8 |  14.8
       D:11 |     896 |    2455 |  73.3 |       8 |      15 |  65.2
       D:12 |    3498 |    3369 |  49.1 |      31 |      13 |  29.5
     Lair:1 |    1489 |    1307 |  46.7 |      10 |       6 |  37.5
     Lair:2 |     593 |    1461 |  71.1 |       9 |       3 |  25.0
     Lair:3 |    4885 |    3761 |  43.5 |      15 |      14 |  48.3
     Lair:4 |   10717 |     105 |   1.0 |      39 |       1 |   2.5
     Lair:5 |    7809 |     258 |   3.2 |      25 |      17 |  40.5
     Lair:6 |   14397 |   10965 |  43.2 |      42 |      47 |  52.8
            +---------+---------+-------+---------+---------+-------
